 Dungeon Crawl Stone Soup version 0.30-a0-528-g8c47a4955b (webtiles) character file.

Game seed: 12642160521361424295

71486 Jackthecabe the Destroyer (level 14, -13/110 HPs)
             Began as a Demigod Conjurer on Dec 23, 2022.
             Killed from afar by a tengu reaver (42 damage)
             ... with a bolt of lightning
             ... on level 14 of the Dungeon on Dec 24, 2022.
             The game lasted 01:44:57 (39689 turns).

Jackthecabe the Destroyer (Demigod Conjurer)       Turns: 39689, Time: 01:44:58

Health: -13/110    AC: 21    Str: 20    XL:     14   Next: 55%
Magic:  22/35      EV: 12    Int: 39    God:
Gold:   1591       SH:  0    Dex: 14    Spells: 7/23 levels left

rFire   . . .      SeeInvis .    R - +7 broad axe of Zesmaxza {vorpal, Str+4 Dex+2}
rCold   . . .      Faith    .    (no shield)
rNeg    + . .      Spirit   .    n - +2 robe {rN+}
rPois   .          Reflect  .    Y - +3 hat of Pondering {ponderous, Will+ MP+10 Int+5}
rElec   .          Harm     .    N - +1 cloak
rCorr   .          Rampage  .    J - +2 pair of gloves
Will    ++...                    H - +2 pair of boots
Stlth   ++                       k - amulet of regeneration
HPRegen 1.18/turn                T - +4 ring of protection
MPRegen 0.24/turn                I - +6 ring of intelligence

@: slow
A: high MP 1, forlorn, divine attributes
a: no special abilities


You were on level 14 of the Dungeon.
You visited 3 branches of the dungeon, and saw 21 of its levels.

You collected 2201 gold pieces.
You spent 610 gold pieces at shops.


Innate Abilities, Weirdness & Mutations

You have an increased reservoir of magic. (+10% MP)
You shall have no god before yourself.
Your divine heritage dramatically boosts your attributes as you level up.


   Skills:
 - Level 6.0 Fighting
 + Level 9.7 Axes
 - Level 10.0 Armour
 - Level 1.7 Dodging
 - Level 1.7 Stealth
 - Level 5.0 Spellcasting
 - Level 14.0 Conjurations
 - Level 6.0 Hexes
 - Level 4.0 Translocations
 - Level 11.0 Fire Magic
 - Level 4.0 Evocations


You had 7 spell levels left.
You knew the following spells:

 Your Spells              Type           Power      Damage    Failure   Level
f - Fulminant Prism       Conj/Hex       36%        3d17      1%          4
l - Fireball              Conj/Fire      41%        3d17      1%          5
m - Magic Dart            Conj           100%       1d8       0%          1
s - Searing Ray           Conj           100%       2d8       0%          2
X - Iskenderun's Mystic   Conj/Tloc      68%        2d14      1%          4

Your spell library contained the following spells:

 Spells                   Type           Power      Damage    Failure   Level
 Foxfire                  Conj/Fire      100%       2x1d9     1%          1
 Static Discharge         Conj/Air       100%       2-7/arc   1%          2
 Dazzling Flash           Conj/Hex       100%       N/A       1%          3
 Hailstorm                Conj/Ice       59%        3d13      1%          3
 Inner Flame              Hex/Fire       66%        N/A       1%          3
 Iskenderun's Battlesphe  Conj           87%        2d13      1%          5
 Cause Fear               Hex            27%        N/A       2%          4
 Starburst                Conj/Fire      41%        6d12      2%          6
 Freeze                   Ice            36%        1d5       3%          1
 Necrotise                Necr           36%        1d5       3%          1
 Sublimation of Blood     Necr           9%         N/A       4%          2
 Vhi's Electric Charge    Tloc/Air       50%        N/A       4%          3
 Arcjolt                  Conj/Air       29%        1d39      4%          5
 Irradiate                Conj/Tmut      29%        3d21      4%          5
 Lightning Bolt           Conj/Air       29%        1d46      4%          5
 Orb of Destruction       Conj           43%        9d12      9%          7
 Frozen Ramparts          Ice            18%        1d3       10%         3
 Vampiric Draining        Necr           9%         2d6       10%         3
 Silence                  Hex/Air        16%        N/A       26%         5
 Conjure Ball Lightning   Conj/Air       29%        3x3d9     26%         6
 Petrify                  Tmut/Erth      9%         N/A       30%         4
 Summon Forest            Summ/Tloc      12%        N/A       36%         5
 Agony                    Necr           9%         N/A       65%         5
 Eringya's Noxious Bog    Tmut/Pois      4%         N/A       99%         6
 Summon Hydra             Summ           4%         N/A       100%        7
 Discord                  Hex            27%        N/A       100%        8

Inventory:

Hand Weapons
 R - the +7 broad axe of Zesmaxza (weapon) {vorpal, Str+4 Dex+2}
   (You found it on level 2 of the Lair of Beasts)

   It inflicts extra damage upon your enemies.
   Str:       It affects your strength (+4).
   Dex:       It affects your dexterity (+2).
 X - the +10 whip of the Slimy God {holy, Int+6}
   (You found it on level 5 of the Lair of Beasts)

   It has been blessed by the Shining One to cause great damage to the undead
   and demons.
   Int:       It affects your intelligence (+6).
Armour
 n - a +2 robe of positive energy (worn)
 s - the +8 orange crystal plate armour {Archmagi, Int+3 Clar}
   (You acquired it on level 6 of the Dungeon)

   Int:       It affects your intelligence (+3).
   Clar:      It protects you against confusion.
 H - a +2 pair of boots (worn)
 J - a +2 pair of gloves (worn)
 N - a +1 cloak (worn)
 W - the +3 buckler "Put-Me-On" {rF- Str+5 Dex+4 SInv}
   (You found it on level 4 of the Lair of Beasts)

   Str:       It affects your strength (+5).
   Dex:       It affects your dexterity (+4).
   rF:        It makes you vulnerable to fire.
   SInv:      It lets you see invisible.
 Y - the +3 hat of Pondering (worn) {ponderous, Will+ MP+10 Int+5}
   (You found it on level 5 of the Lair of Beasts)

   Int:       It affects your intelligence (+5).
   MP:        It affects your magic capacity (+10).
   Will:      It increases your willpower.
Magical Staves
 r - a staff of earth {!a}
Jewellery
 k - an amulet of regeneration (around neck)
 m - a ring of magical power
 C - a ring of ice
 I - a +6 ring of intelligence (right hand)
 M - a ring of magical power
 T - a +4 ring of protection (left hand)
 Z - a ring of wizardry
Wands
 i - a wand of charming (12)
 x - a wand of light (7)
 y - a wand of polymorph (13)
 E - a wand of mindburst (2)
 K - a wand of iceblast (1)
 V - a wand of flame (29)
Scrolls
 b - 4 scrolls of blinking
 f - 4 scrolls of vulnerability
 l - 4 scrolls of magic mapping
 o - 15 scrolls of teleportation {@r2}
 p - 7 scrolls of fear
 t - 2 scrolls of poison
 v - 3 scrolls of enchant weapon
 w - 3 scrolls of fog
 z - a scroll of identify {@r1}
 A - 4 scrolls of immolation
 F - 6 scrolls of amnesia
 G - a scroll of brand weapon
 O - a scroll of summoning {unknown}
Potions
 a - 2 potions of haste {unknown}
 c - 6 potions of curing {@q1}
 d - 6 potions of attraction
 e - 4 potions of heal wounds {@q2}
 g - 5 potions of mutation
 h - 5 potions of degeneration {unknown}
 j - 3 potions of brilliance {unknown}
 q - 14 potions of ambrosia
 B - 5 potions of flight
 D - 2 potions of lignification
 L - a potion of cancellation
 P - a potion of berserk rage {!q}
 Q - a potion of magic
 S - 4 potions of might {unknown}
 U - a potion of invisibility {unknown}
Miscellaneous
 u - a phial of floods

Dungeon Overview and Level Annotations

Branches:
Dungeon (14/15)            Temple (0/1) D:6            Lair (5/5) D:11
 Shoals (0/4) Lair:2        Snake (0/4) Lair:3        Slime (0/5) Lair:5
    Orc (2/2) D:11            Elf (0/3) Orc:2
 Vaults: D:13-14

Shops:
D:2 [(   D:6 :   Orc:2 ?*?(

Annotations:
Lair:5 2 runed translucent doors
Orc:2 3 runed translucent doors, qeuew's ghost, journeyman FoHu

##.#.#.###.#.#.###
##..##
#...###.#.....#
#..... ##..#
#.###.#######...##
#..# #.#
#...........# #..#
#.# #.#######.###
#..###.###.# #.#
#..........# #.#
#...###.##### #.#
#.### #@# ### #.#
#. #Q# .... ..# #.
#C# ✱C#Q# #.#
#.#####.##.##..
#.....#.##..#
#.##...##..##
#.#...##..##.
#.#..##..##..
#...##..##..#


You could see a fire giant (blind) and a tengu reaver (blind).


Message History

Okay, then.
You feel very sick.
The fire giant points at the tengu reaver and mumbles some strange words.
The fireball explodes!
The fireball engulfs the tengu reaver!
The tengu reaver resists.
There is a stone staircase leading down here.
The tengu reaver shouts!
You hit the tengu reaver but do no damage.
The tengu reaver is moderately wounded.
You feel very sick. The tengu reaver casts a spell at you.
The bolt of poison hits you!!
You are more poisoned.
* * * LOW HITPOINT WARNING * * *
Unknown command.
You feel better.
The tengu reaver is no longer blind.
A tengu warrior comes into view.
It is wielding a +1 halberd and wearing a +2 leather armour of willpower.
The tengu reaver casts a spell at you. The bolt of lightning hits you!
* * * LOW HITPOINT WARNING * * *
Aiming: Bolt of Light
Press: ? - help, Shift-Dir - straight line, f - tengu reaver
Aim: a tengu reaver, wielding a +0 long sword, wearing a +3 scale mail of fire resistance and wearing a +0 buckler (lightly wounded, 54% to hit)
The bolt of light hits the tengu reaver!
The tengu reaver is moderately wounded.
The tengu reaver is blinded.
The bolt of light hits the fire giant!!
The fire giant is severely wounded.
The tengu reaver points at you and mumbles some strange words.
The bolt of lightning hits you!!!
You die...

Skill      XL: |  1  2  3  4  5  6  7  8  9 10 11 12 13 14 |
---------------+-------------------------------------------+-----
Spellcasting   | 2 3 4 5 |  5.0
Conjurations   | 4 6 8 10 11 13 14 | 14.0
Hexes          | 1 4 6 |  6.0
Translocations | 3 4 |  4.0
Fighting       | 3 4 6 |  6.0
Armour         | 7 8 9 10 | 10.0
Evocations     | 2 4 |  4.0
Fire Magic     | 8 11 | 11.0
Axes           | 6 9 |  9.7
Dodging        | |  1.7
Stealth        | |  1.7

Action                   |  1- 3 |  4- 6 |  7- 9 | 10-12 | 13-15 || total
-------------------------+-------+-------+-------+-------+-------++-------
Melee: War axe           |       |       |     9 |    21 |       ||    30
       Broad axe         |       |       |       |    42 |    97 ||   139
       Punch             |       |       |       |     3 |     1 ||     4
       Whip              |       |       |       |       |     7 ||     7
 Cast: Magic Dart        |    52 |    39 |   167 |   124 |    77 ||   459
       Searing Ray       |     5 |    18 |    50 |    22 |     2 ||    97
       Fulminant Prism   |       |       |    24 |    76 |    35 ||   135
       Iskenderun's Myst |       |       |     4 |   138 |    69 ||   211
       Fireball          |       |       |       |   139 |   255 ||   394
Evoke: Wand              |       |       |     3 |    16 |     3 ||    22
       Phial of floods   |       |       |       |     1 |       ||     1
  Use: Scroll            |       |       |    10 |     6 |     8 ||    24
       Potion            |       |       |     1 |     3 |     3 ||     7
 Stab: Invisible         |       |       |       |     1 |       ||     1
Armor: Robe              |     1 |     5 |    45 |   130 |   143 ||   324
Dodge: Dodged            |     6 |    11 |    78 |   159 |   178 ||   432

Levels and vault maps discovered:
D:1:      dpeg_arrival_stonehenge_8_columns, layout_basic, minmay_vboxes
D:2:      layout_loops_ring, serial_shops, nicolae_shop_hallway_stairs,
          nicolae_shop_hallway_stairs, uniq_jessica
D:3:      layout_loops_ring, nicolae_hepliaklqana_monster_ancestors,
          kennysheep_generic_room_10, uniq_natasha, uniq_grinder
D:4:      layout_loops_cross, chequers_serial_rivers_micro_c, minmay_checkerbox
D:5:      layout_gridville, chequers_jeans, corexii_shack, st_stairs_10
D:6:      layout_gridville, minmay_temple_entry_mist, serial_shops, shop
D:7:      layout_loops_ring, amcnicky_altar_gilded,
          gammafunk_temple_overflow_claw, minivault_22
D:8:      layout_basic, enter_bailey_2
D:9:      layout_rooms, uniq_erolcha, uniq_prince_ribbit1
D:10:     dreamdust_cave_troll, layout_basic
D:11:     layout_roguey, dpeg_oklobed_lair, erik_orc_2, special_room
          [special_room_bee], minmay_misc_feat_pillars
D:12:     layout_cave_pools
D:13:     gargoyle_guard, layout_basic
D:14:     layout_loops_ring, david_vaults_2, hangedman_decor_opposing,
          minmay_diamond_spiral
Lair:1:   layout_chaotic_city
Lair:2:   layout_roguey, shoals_dummy_entry
Lair:3:   layout_gridlike, dummy_snake_entry
Lair:4:   layout_gridlike, dreamdust_mushroom_princess, minivault_11,
          grunt_megastairs_3, infiniplex_staircase_pool_2
Lair:5:   cheibrodos_lair_end_hotspot, layout_regular_city,
          dpeg_slime_entry_corner, basic_altar
Orc:1:    layout_diamond_mine
Orc:2:    st_orc_rangers, layout_caves, gammafunk_ghost_split

Notes
Turn   | Place    | Note
-------+----------+-------------------------------------------
     0 | D:1      | Jackthecabe the Demigod Conjurer began the quest for the
                  | Orb.
     0 | D:1      | Reached XP level 1. HP: 14/14 MP: 5/5
   551 | D:1      | Reached skill level 2 in Spellcasting
   707 | D:1      | Reached XP level 2. HP: 20/20 MP: 2/7
   710 | D:1      | Learned a level 2 spell: Searing Ray
  1003 | D:1      | Reached skill level 4 in Conjurations
  1223 | D:2      | Found Megg's Weapon Shop.
  1241 | D:2      | Reached XP level 3. HP: 26/26 MP: 0/9
  1454 | D:2      | Noticed Jessica
  1461 | D:2      | Killed Jessica
  1601 | D:2      | Found Iwne's Antique Armour Shop.
  1782 | D:2      | You fall into a shaft and drop 1 floor!
  2155 | D:3      | Reached XP level 4. HP: 33/33 MP: 6/11
  2230 | D:3      | Reached skill level 3 in Spellcasting
  2404 | D:3      | Noticed Grinder
  2409 | D:3      | Paralysed by Grinder for 3 turns
  2414 | D:3      | Paralysed by Grinder for 3 turns
  2550 | D:3      | Paralysed by Grinder for 3 turns
  2557 | D:3      | Killed Grinder
  2558 | D:3      | Reached skill level 6 in Conjurations
  2558 | D:3      | Reached skill level 1 in Hexes
  2558 | D:3      | Reached XP level 5. HP: 30/38 MP: 1/12
  2563 | D:3      | Learned a level 4 spell: Fulminant Prism
  2889 | D:3      | Reached XP level 6. HP: 45/45 MP: 6/13
  2902 | D:3      | Noticed Natasha
  2903 | D:3      | Reached skill level 2 in Hexes
  2922 | D:3      | Killed Natasha
  3216 | D:3      | Noticed Natasha
  3224 | D:3      | Killed Natasha
  3646 | D:4      | Reached skill level 3 in Hexes
  3731 | D:4      | Reached skill level 4 in Hexes
  3825 | D:4      | Reached XP level 7. HP: 50/50 MP: 9/14
  3896 | D:4      | Learned a level 4 spell: Iskenderun's Mystic Blast
  4065 | D:4      | Reached skill level 5 in Hexes
  4868 | D:5      | Entered Level 5 of the Dungeon
  5028 | D:5      | Reached skill level 6 in Hexes
  5028 | D:5      | Reached skill level 1 in Translocations
  5138 | D:5      | Reached skill level 2 in Translocations
  5419 | D:5      | Reached skill level 3 in Translocations
  5549 | D:5      | Reached XP level 8. HP: 57/57 MP: 7/15
  5997 | D:5      | Reached skill level 4 in Translocations
  6300 | D:6      | Found a staircase to the Ecumenical Temple.
  6477 | D:6      | Found Vytuth's Book Shop.
  6495 | D:6      | Reached skill level 7 in Conjurations
  6750 | D:6      | Reached skill level 8 in Conjurations
  6971 | D:6      | Reached skill level 1 in Fighting
  7133 | D:6      | Reached skill level 2 in Fighting
  7474 | D:6      | Identified a scroll of acquirement
  7475 | D:6      | Acquired the +8 orange crystal plate armour {Archmagi,
                  | Int+3 Clar}
  7475 | D:6      | Found the +8 orange crystal plate armour {Archmagi, Int+3
                  | Clar}
  7875 | D:7      | Reached skill level 3 in Fighting
  7897 | D:7      | Reached XP level 9. HP: 71/71 MP: 8/16
  8078 | D:7      | Reached skill level 4 in Fighting
  8078 | D:7      | Reached skill level 1 in Armour
  8383 | D:7      | Reached skill level 2 in Armour
  8520 | D:7      | Reached skill level 3 in Armour
  8893 | D:8      | Reached skill level 4 in Armour
  8906 | D:8      | Reached skill level 5 in Armour
  8985 | D:8      | Noticed a two-headed ogre
  9175 | D:8      | Killed a two-headed ogre
  9176 | D:8      | Reached skill level 6 in Armour
  9360 | D:7      | Reached skill level 7 in Armour
 10190 | D:9      | Reached XP level 10. HP: 77/78 MP: 8/17
 10540 | D:7      | Reached skill level 8 in Armour
 10802 | D:9      | Noticed Erolcha
 10974 | D:9      | Noticed a two-headed ogre
 10976 | D:9      | Noticed Prince Ribbit
 10977 | D:9      | Killed Erolcha
 10978 | D:9      | Reached skill level 9 in Conjurations
 11012 | D:8      | Killed Prince Ribbit
 11509 | D:9      | Reached skill level 10 in Conjurations
 11572 | D:8      | Killed a two-headed ogre
 11573 | D:8      | Reached skill level 4 in Spellcasting
 11573 | D:8      | Reached skill level 1 in Evocations
 11821 | D:8      | Reached skill level 2 in Evocations
 12569 | D:9      | Noticed a two-headed ogre
 12982 | D:8      | Reached XP level 11. HP: 69/84 MP: 2/20
 13295 | D:9      | Killed a two-headed ogre
 13296 | D:9      | Reached skill level 11 in Conjurations
 13296 | D:9      | Reached skill level 3 in Evocations
 13559 | D:10     | Entered Level 10 of the Dungeon
 13855 | D:10     | Reached skill level 4 in Evocations
 13912 | D:6      | Bought a book of Fire for 420 gold pieces
 13918 | D:6      | Learned a level 5 spell: Fireball
 14249 | D:10     | Reached skill level 1 in Fire Magic
 14416 | D:10     | Reached skill level 2 in Fire Magic
 14666 | D:10     | Noticed a deep troll
 14706 | D:10     | Killed a deep troll
 14707 | D:10     | Reached skill level 3 in Fire Magic
 14830 | D:10     | Noticed a two-headed ogre
 14865 | D:10     | Killed a two-headed ogre
 14866 | D:10     | Reached skill level 4 in Fire Magic
 15140 | D:10     | Reached skill level 5 in Fire Magic
 15656 | D:11     | Noticed a centaur warrior
 16049 | D:11     | Found a staircase to the Lair.
 16059 | D:11     | Reached skill level 6 in Fire Magic
 16773 | D:11     | Reached skill level 7 in Fire Magic
 17365 | D:11     | Killed a centaur warrior
 17678 | D:11     | Found a staircase to the Orcish Mines.
 17958 | D:11     | Reached skill level 8 in Fire Magic
 18532 | D:11     | Reached XP level 12. HP: 91/93 MP: 5/22
 18654 | D:11     | Reached skill level 5 in Fighting
 19117 | Lair:1   | Entered Level 1 of the Lair of Beasts
 19485 | Lair:1   | Reached skill level 6 in Fighting
 20649 | Lair:2   | Reached skill level 9 in Fire Magic
 20870 | Lair:2   | Found a staircase to the Shoals.
 21368 | Lair:2   | Identified the +7 broad axe of Zesmaxza {vorpal, Str+4
                  | Dex+2}
 21787 | Lair:2   | Reached skill level 10 in Fire Magic
 22112 | Lair:3   | Noticed a seven-headed hydra
 22715 | Lair:3   | Killed a seven-headed hydra
 22718 | Lair:3   | Reached skill level 11 in Fire Magic
 23534 | Lair:3   | Found a staircase to the Snake Pit.
 24157 | Lair:4   | Noticed a seven-headed hydra
 24752 | Lair:2   | Reached skill level 9 in Armour
 26294 | Lair:3   | Reached XP level 13. HP: 51/102 MP: 1/23
 26520 | Lair:4   | Reached skill level 10 in Armour
 27329 | Lair:4   | Reached skill level 1 in Axes
 27576 | Lair:3   | Reached skill level 2 in Axes
 27950 | Lair:4   | Reached skill level 3 in Axes
 28223 | Lair:3   | Reached skill level 4 in Axes
 28845 | Lair:3   | Reached skill level 5 in Axes
 29457 | Lair:4   | Identified the +3 buckler "Put-Me-On" {rF- Str+5 Dex+4
                  | SInv}
 29541 | Lair:5   | Entered Level 5 of the Lair of Beasts
 29564 | Lair:5   | Reached skill level 6 in Axes
 29773 | Lair:5   | Identified the +10 whip of the Slimy God {holy, Int+6}
 30265 | Lair:5   | Reached skill level 12 in Conjurations
 30510 | Lair:5   | Found a staircase to the Slime Pits.
 30756 | Lair:4   | HP: 10/102 [poisoned by a black mamba]
 30761 | Lair:4   | HP: 5/102 [poisoned by a black mamba]
 31394 | Lair:5   | Found the +3 hat of Pondering {ponderous, Will+ MP+10
                  | Int+5}
 32473 | Lair:5   | Found a large runed translucent door.
 32474 | Lair:5   | Found a large runed translucent door.
 32834 | Orc:1    | Entered Level 1 of the Orcish Mines
 32918 | Orc:1    | Reached skill level 13 in Conjurations
 33527 | Orc:2    | Entered Level 2 of the Orcish Mines
 34041 | Orc:2    | Reached skill level 5 in Spellcasting
 34386 | Orc:2    | Reached XP level 14. HP: 90/110 MP: 11/25
 34840 | Orc:2    | Found a runed translucent gate.
 34840 | Orc:2    | Found a runed translucent gate.
 34840 | Orc:2    | Found a runed translucent gate.
 34840 | Orc:2    | Noticed qeuew's ghost (journeyman FoHu)
 35698 | Orc:2    | Found a staircase to the Elven Halls.
 35994 | Orc:2    | Found Faatus's Magic Scroll Boutique.
 35994 | Orc:2    | Found Dyzxisch's Assorted Antiques.
 35996 | Orc:2    | Found Coul's Magic Scroll Emporium.
 35998 | Orc:2    | Found Poxig's Antique Weapon Shop.
 36178 | Orc:2    | Bought a dented diamond amulet for 190 gold pieces
 36606 | D:12     | Reached skill level 14 in Conjurations
 36931 | D:12     | Reached skill level 7 in Axes
 37682 | D:13     | Reached skill level 8 in Axes
 38477 | D:13     | Reached skill level 9 in Axes
 39659 | D:14     | Noticed a storm dragon
 39659 | D:14     | Noticed a fire giant
 39659 | D:14     | Found the +8 lance "Wyrmbane" {slay drac, rPois rF+ rC+
                  | AC+3}
 39663 | D:14     | Noticed a tengu reaver
 39689 | D:14     | Killed from afar by a tengu reaver

Vanquished Creatures
  A war gargoyle (D:13)
  An ettin (Orc:1)
  3 hydras
  Erolcha (D:9)
  4 centaur warriors
  6 two-headed ogres
  3 boulder beetles
  7 death yaks
  A tengu warrior (D:13)
  A fire crab (Lair:5)
  A deep troll (D:10)
  2 lindwurms (Lair:3)
  4 oklob plants
  3 orc knights (Orc:2)
  2 deep elf pyromancers
  2 cyclopes (D:12)
  3 black mambas
  A torpor snail (Lair:3)
  2 molten gargoyles (Lair:5)
  11 elephants
  An unseen horror (D:11)
  4 cane toads
  8 gargoyles (D:13)
  9 komodo dragons
  A kobold demonologist (D:11)
  An efreet (D:14)
  A queen bee (D:11)
  A tengu conjurer (D:13)
  21 slime creatures
  3 trolls
  Grinder (D:3)
  A polar bear (Lair:3)
  32 blink frogs
  2 hornets
  Prince Ribbit (D:8)
  A tarantella (shapeshifter) (D:13)
  2 wraiths (D:12)
  40 yaks
  A water elemental (D:11)
  7 wyverns
  2 shadows
  7 basilisks
  7 vampire mosquitoes
  6 steam dragons
  A warg (Orc:1)
  2 acid dragons
  5 hell hounds (Lair:5)
  12 water moccasins
  41 orc warriors
  A sky beast (D:8)
  3 black bears
  5 ogres
  10 wolves
  7 centaurs
  2 phantoms
  2 kobold brigands
  A gnoll sergeant (D:9)
  11 bullfrogs
  19 wights
  48 killer bees
  5 electric eels
  5 howler monkeys
  2 jellies (D:6)
  5 lava snakes (Lair:5)
  7 hounds
  11 orc priests
  A gnoll bouda (D:6)
  4 iguanas
  Jessica (D:2)
  Natasha (twice) (D:3)
  22 orc wizards
  20 gnolls
  9 adders
  A shadow imp (D:6)
  4 white imps
  2 ufetubi
  A worm (D:2)
  3 dart slugs
  74 orcs
  5 ball pythons
  2 endoplasms
  3 giant cockroaches
  7 goblins
  8 hobgoblins
  A jackal (D:4)
  15 kobolds
  3 quokkas
  8 bats
  4 frilled lizards
  4 rats
  A spectral hobgoblin (D:3)
629 creatures vanquished.

Vanquished Creatures (others)
  A bush (Lair:1)
  135 fulminant prisms
  55 fungi
  55 plants
246 creatures vanquished.

Grand Total: 875 creatures vanquished

Table legend: (Time is in decaauts)
 A = Elapsed time spent in this place.
 B = Non-inter-level travel time spent in this place.
 C = Inter-level travel time spent in this place.
 D = Time resting spent in this place.
 E = Time spent auto-exploring this place.
 F = Levels seen in this place.
 G = Mean time per level.
                   A        B        C        D        E       F      G
               +--------+--------+--------+--------+--------+-----+--------+
         Total |  40212 |  37748 |   2464 |  15878 |  16007 |  21 | 1914.9 |
       Dungeon |  23119 |  21856 |   1263 |   7274 |  11100 |  14 | 1651.4 |
          Lair |  13819 |  12761 |   1058 |   6842 |   3893 |   5 | 2763.8 |
  Orcish Mines |   3274 |   3132 |    142 |   1762 |   1013 |   2 | 1637.0 |
               +--------+--------+--------+--------+--------+-----+--------+

Top non-repeatable levels by time:
  Lair:3: 4157 daAuts
    D:11: 3975 daAuts
     D:8: 3337 daAuts
  Lair:2: 3223 daAuts
  Lair:5: 2628 daAuts
    D:10: 2325 daAuts
  Lair:4: 2108 daAuts
   Orc:1: 1758 daAuts
     D:7: 1731 daAuts
  Lair:1: 1700 daAuts
     D:6: 1663 daAuts
    D:13: 1662 daAuts
     D:3: 1574 daAuts
   Orc:2: 1516 daAuts
     D:5: 1295 daAuts

Table legend:
 A = Non-vault XP
 B = Vault XP
 C = Vault XP percentage of total XP
 D = Non-vault monster count
 E = Vault monster count
 F = Vault count percentage of total count
                 A         B        C        D         E       F
            +---------+---------+-------+---------+---------+-------
      Total |   78839 |   23284 |  22.8 |     485 |     144 |  22.9
            +---------+---------+-------+---------+---------+-------
        D:1 |      29 |      14 |  32.6 |      11 |       6 |  35.3
        D:2 |      45 |      37 |  45.1 |      13 |       1 |   7.1
        D:3 |     121 |     328 |  73.1 |      23 |       4 |  14.8
        D:4 |     615 |      48 |   7.2 |      25 |       4 |  13.8
        D:5 |     640 |      13 |   2.0 |      17 |       3 |  15.0
        D:6 |    1043 |       0 |   0.0 |      22 |       0 |   0.0
        D:7 |    1851 |       0 |   0.0 |      24 |       0 |   0.0
        D:8 |    4372 |     274 |   5.9 |      30 |       1 |   3.2
        D:9 |    4009 |     854 |  17.6 |      32 |       1 |   3.0
       D:10 |    4170 |     758 |  15.4 |      31 |       1 |   3.1
       D:11 |    4044 |    4480 |  52.6 |      17 |      50 |  74.6
       D:12 |    5945 |       0 |   0.0 |      18 |       0 |   0.0
       D:13 |    5280 |    4404 |  45.5 |      17 |       9 |  34.6
       D:14 |    4700 |       0 |   0.0 |      12 |       0 |   0.0
     Lair:1 |    3372 |       0 |   0.0 |      14 |       0 |   0.0
     Lair:2 |   10105 |       0 |   0.0 |      34 |       0 |   0.0
     Lair:3 |   10448 |     259 |   2.4 |      27 |       1 |   3.6
     Lair:4 |    7679 |     762 |   9.0 |      23 |       3 |  11.5
     Lair:5 |    5485 |    6094 |  52.6 |      22 |      26 |  54.2
      Orc:1 |    2383 |       0 |   0.0 |      28 |       0 |   0.0
      Orc:2 |    2503 |    4959 |  66.5 |      45 |      34 |  43.0
            +---------+---------+-------+---------+---------+-------
